Cogmind - Beta 16.1 @@@ ROGUE MODE // 2026.04.20 @ 21:11:57 Player: Shimejimeji Result: Destroyed by as-75807 with Assembled Blade Performance ------------- Evolutions (0) 0 Regions Visited (2) 400 Robots Destroyed (16) 80 Value Destroyed (235) 235 Prototype IDs (1) 20 Alien Tech Used (0) 0 Bonus (0) 0 TOTAL SCORE: 735 Bonus ------- None Cogmind --------- Core Integrity 0/250 Matter 298/300 Energy 125/125 System Corruption 11% Temperature Cool (20) Movement Walking (120) Location -10/Mines Parts ------- > --- POWER (1) -------- Light Ion Engine > --- PROPULSION (2) --- Aluminum Leg > --- UTILITY (2) ------ Experimental Sensor Array > --- WEAPON (2) ------- Small Laser > --- INVENTORY (5) ---- (None) Peak State ------------ > --- POWER ------------ Light Ion Engine > --- PROPULSION ------- Aluminum Leg Aluminum Leg > --- UTILITY ---------- Experimental Sensor Array > --- WEAPON ----------- Small Laser Light Assault Rifle > --- INVENTORY -------- (None) [Rating: 14] Favorites ----------- Power Light Ion Engine Engine Light Ion Engine Power Core Light Nuclear Core Propulsion Aluminum Leg Leg Aluminum Leg Utility Experimental Sensor Array Device Experimental Sensor Array Weapon EM Pulse Gun Energy Gun EM Pulse Gun Ballistic Gun Light Assault Rifle Build | -11 -10 -10 ------- Run | Yrd Mat Min Slots Evolved . | . . . Power . | . . . Propulsion . | . . . Utility . | . . . Weapon . | . . . Parts Attached 10 | 5 2 3 Power 2 | 1 1 . Engine 1 | 1 . . Core 1 | . 1 . Reactor . | . . . Propulsion 3 | 2 . 1 Treads . | . . . Leg 3 | 2 . 1 Wheel . | . . . Hover . | . . . Flight . | . . . Utility 1 | . . 1 Device 1 | . . 1 Storage . | . . . Processor . | . . . Hackware . | . . . Protection . | . . . Artifact . | . . . Weapon 4 | 2 1 1 Energy Gun 3 | 2 1 . Energy Cannon . | . . . Ballistic Gun 1 | . . 1 Ballistic Cannon . | . . . Launcher . | . . . Special Weapon . | . . . Impact Weapon . | . . . Slashing Weapon . | . . . Piercing Weapon . | . . . Special Melee Weapon . | . . . Unidentified Prototypes 1 | . . 1 Parts Lost 5 | . 3 2 Power 1 | . . 1 Propulsion 2 | . 1 1 Utility . | . . . Weapon 2 | . 2 . Highest Loss Streak 4 | . 3 4 To Critical Strikes . | . . . Average Backups . | . 1 . Power . | . . . Propulsion . | . . . Utility . | . . . Weapon . | . . . Tool/Special . | . . . Unused Backups . | . . . Power . | . . . Propulsion . | . . . Utility . | . . . Weapon . | . . . Tool/Special . | . . . Average Slot Usage (%) 70 | . 69 70 Engine 12 | . 12 13 Leg 23 | . 27 18 Device 5 | . . 11 Energy Gun 21 | . 27 14 Ballistic Gun 6 | . . 12 Peak Build Rating 14 | 5 7 14 Average Rating 7 | 3 5 11 On Entrance 3 | . 5 5 Avg Prop Armor Cover (%) . | . . . Naked Turns . | . . . Heaviest Build 9 | 7 9 6 Greatest Support 20 | 20 20 20 Greatest Overweight (x) . | . . . Average Overweight (x) . | . . . Largest Inventory Capacity 5 | 5 5 5 Average Capacity 5 | 5 5 5 Most Carried 2 | 1 2 1 Average Carried . | . 1 . Final Capacity 5 | 5 5 5 Final Carried 1 | 1 1 . Class Distribution -------------------- 100% | Mutant Dominant Class ---------------- Mutant | -10/Materials Mutant | -10/Mines Resources | -11 -10 -10 ----------- Run | Yrd Mat Min Matter Collected 340 | 246 21 73 Remotely . | . . . Salvage Created 430 | 47 312 71 Parts 26 | 2 20 4 Haulers Intercepted . | . . . Recyclers Shooed . | . . . Parts Field Recycled . | . . . Retrieved Matter . | . . . Parts Self-Destructed . | . . . Prevented . | . . . Parts Restored . | . . . Kills | -11 -10 -10 ------- Run | Yrd Mat Min Combat Hostiles Destroyed 11 | 1 5 5 Guns 9 | 1 3 5 AOE 2 | . 2 . Classes Destroyed 7 | 1 5 1 Worker 2 | . 2 . Builder 2 | . 2 . Recycler 2 | . 2 . Operator 1 | . 1 . Swarmer 6 | . 3 3 Grunt 3 | 1 2 . Assembled 2 | . . 2 Best Kill Streak 13 | 1 10 13 Combat Bots Only 6 | 1 3 6 Max Kills in Single Turn 8 | 1 8 1 Gunslinging . | . . . Exploded 2 | . 2 . Melee . | . . . Uniques/NPCs Destroyed . | . . . Combat | -11 -10 -10 -------- Run | Yrd Mat Min Hostile Shots Fired 58 | 4 32 22 Missed 13 | 1 8 4 Hits 45 | 3 24 18 Melee 5 | . . 5 Projectile 40 | 3 24 13 Critical Strikes 2 | . . 2 Damage Taken 834 | 36 540 258 Core 270 | . 173 97 Absorbed by Shields . | . . . Core Remaining (%) 100 | 100 . . Volleys Fired 44 | 3 19 22 Largest 2 | 2 2 2 Hottest 90 | 90 90 60 Shots Fired 73 | 6 34 33 Gun 73 | 6 34 33 Cannon . | . . . Launcher . | . . . Special . | . . . Kinetic 12 | . . 12 Thermal 42 | 3 18 21 Explosive . | . . . Electromagnetic 19 | 3 16 . Robot Hit Streak 6 | 3 6 2 Robot Miss Streak 6 | 1 4 6 Penetration Max . | . . . Secondary Targets . | . . . Shots Hit Robots 35 | 4 19 12 Core Hits 22 | 1 13 8 Critical Kills . | . . . Critical Parts Destroyed . | . . . Critical Strikes . | . . . Melee Attacks . | . . . Impact . | . . . Slashing . | . . . Piercing . | . . . Sneak Attacks . | . . . Combat Hostiles . | . . . Follow-up Attacks . | . . . Damage Inflicted 1273 | 54 1099 120 Guns 429 | 54 255 120 Cannons . | . . . Explosions 844 | . 844 . Melee . | . . . Ramming . | . . . Kinetic 21 | . . 21 Thermal 244 | 13 132 99 Explosive 844 | . 844 . Electromagnetic 164 | 41 123 . Impact . | . . . Slashing . | . . . Piercing . | . . . Highest Corruption 11 | . 8 11 Average Corruption 8 | . 8 8 Corruption Purged . | . . . Corruption Blocked . | . . . Effects 13 | . 1 12 Message Errors 1 | . . 1 Matter Fused 4 | . . 4 Heat Flow Errors 3 | . 1 2 Energy Discharges 3 | . . 3 Data Loss (minor) 1 | . . 1 Data Loss (major) 1 | . . 1 Overload Shots . | . . . Overflow Damage 180 | . 180 . Projectiles . | . . . Explosions 180 | . 180 . Melee . | . . . Knockbacks . | . . . Impact . | . . . Kinetic . | . . . Secondary . | . . . Self-Inflicted Damage 72 | . 72 . Shots 1 | . 1 . Rammed . | . . . Targets Rammed 1 | 1 . . Kicked 1 | 1 . . Crushed . | . . . Highest Temperature 373 | 108 373 155 Average Temperature 104 | 58 146 50 Received Heat Transfer 181 | 18 123 40 Effects 3 | . 3 . Shutdowns 1 | . 1 . Energy Bleed 1 | . 1 . Interference 1 | . 1 . Siege Activations . | . . . Martial Activations . | . . . Shielding Activations . | . . . Robots Disrupted . | . . . Combat Hostiles . | . . . Robots Corrupted . | . . . Combat Hostiles . | . . . Parts Fried . | . . . Impact Corruptions . | . . . Robots Melted . | . . . Combat Hostiles . | . . . Parts Melted . | . . . Heat Transferred 645 | 37 383 225 Parts Sabotaged . | . . . Parts Stolen . | . . . Parts Stripped . | . . . Power Chain Reactions . | . . . Alert | -11 -10 -10 ------- Run | Yrd Mat Min Maximum Alert Level . | . . . Low Security (%) 100 | 100 100 100 Level 1 . | . . . Level 2 . | . . . Level 3 . | . . . Level 4 . | . . . Level 5 . | . . . High Security . | . . . Max Security . | . . . Peak Influence 165 | 20 165 113 Initial 53 | . 6 53 Average 20 | 2 14 31 Influence Increases 289 | 20 199 70 Destroy 0b10 Robot/C 180 | 20 100 60 Destroy 0b10 Robot/NC 35 | . 35 . Destroy Leader 30 | . 20 10 Disable Machine 30 | . 30 . Destroy Structure 14 | . 14 . Influence Decreases 289 | 10 72 207 Entered New Map 88 | . 4 84 Time Decay 161 | 10 38 113 Lost Part 40 | . 30 10 Squads Dispatched 1 | . 1 . Investigation . | . . . Extermination . | . . . Reinforcement 1 | . 1 . Assault . | . . . Garrison . | . . . Intercept . | . . . Searches Triggered . | . . . Construction Impeded . | . . . Haulers Reinforced . | . . . Active Scanning Responses . | . . . Cargo Convoy Interrupts . | . . . Stealth | -11 -10 -10 --------- Run | Yrd Mat Min Distress Signals . | . . . Communications Jammed . | . . . Distress Signals . | . . . Times Spotted 16 | 1 9 6 Peak Tracking Total 10 | 1 4 10 Tactical Retreats 1 | . . 1 Traps | -11 -10 -10 ------- Run | Yrd Mat Min Traps Triggered 1 | . 1 . Indirectly . | . . . Trap Hack Attempts . | . . . Triggered . | . . . Disarmed . | . . . Reprogrammed . | . . . Reused . | . . . Traps Extracted . | . . . Installed . | . . . Triggered . | . . . Machines | -11 -10 -10 ---------- Run | Yrd Mat Min Machines Disabled 2 | . 2 . Max in Single Turn 2 | . 2 . Machines Repaired . | . . . Machines Dismantled . | . . . Machines Sabotaged . | . . . Overloaded Fab Kills . | . . . Hacking | -11 -10 -10 --------- Run | Yrd Mat Min Machines Accessed . | . . . Terminals . | . . . Fabricators . | . . . Repair Stations . | . . . Recycling Units . | . . . Scanalyzers . | . . . Garrison Access . | . . . Total Hacks . | . . . Successful . | . . . Failed . | . . . Catastrophic . | . . . Database Lockouts . | . . . Manual . | . . . Terminals . | . . . Fabricators . | . . . Repair Stations . | . . . Recycling Units . | . . . Scanalyzers . | . . . Garrison Access . | . . . Terminal Hacks . | . . . Fabricator Hacks . | . . . Repair Station Hacks . | . . . Recycling Unit Hacks . | . . . Scanalyzer . | . . . Garrison Access Hacks . | . . . Unauthorized Hacks . | . . . Terminals . | . . . Fabricators . | . . . Repair Stations . | . . . Recycling Units . | . . . Scanalyzers . | . . . Garrison Access . | . . . Data Cores Recovered . | . . . Used . | . . . Hacking Detections . | . . . Full Trace Events . | . . . Feedback Events . | . . . Feedback Blocked . | . . . Robot Schematics Acquired . | . . . Robots Built . | . . . Authchips . | . . . Time . | . . . Total Robot Build Rating . | . . . Part Schematics Acquired . | . . . Parts Built . | . . . Authchips . | . . . Time . | . . . Total Part Build Rating . | . . . Part Studies Acquired . | . . . Parts Repaired . | . . . Time . | . . . Parts Recycled . | . . . Recycled Matter . | . . . Retrieved Matter . | . . . Retrieved Components . | . . . Parts Scanalyzed . | . . . Part Schematics Acquired . | . . . Parts Damaged . | . . . Bothacking | -11 -10 -10 ------------ Run | Yrd Mat Min Used RIF Installer . | . . . Robots Hacked . | . . . Non-combat . | . . . Combat . | . . . Robot Hacks Applied . | . . . Relay Couplers Released . | . . . Fabnet Peak Effective % . | . . . Robots Rewired . | . . . Allies Hacked . | . . . Hacks Repelled . | . . . Allies | -11 -10 -10 -------- Run | Yrd Mat Min Total Allies . | . . . Largest Group . | . . . Highest-Rated Group . | . . . Highest-Rated Ally . | . . . Total Orders . | . . . Ally Attacks . | . . . Total Damage . | . . . Kills . | . . . Allies Corrupted . | . . . Allies Melted . | . . . Intel | -11 -10 -10 ------- Run | Yrd Mat Min Active Infowar (turns) 340 | . . 340 Sensors 340 | . . 340 Robot Analysis Total . | . . . Derelict Logs Recovered 1 | . . 1 Drone Launches . | . . . Drone Recoveries . | . . . Exploration | -11 -10 -10 ------------- Run | Yrd Mat Min Turns Passed 970 | 84 465 421 Spaces Moved 495 | 63 129 303 Core 14 | 14 . . Treads . | . . . Legs 481 | 49 129 303 Wheels . | . . . Hover . | . . . Flight . | . . . Fastest Speed 50 | 50 120 120 Average Speed 118 | 104 120 120 Slowest Speed 120 | 120 120 120 Overloaded Moves . | . . . Propulsion Burnouts . | . . . Robots Hopped . | . . . Potential Cave-ins . | . . . Cave-ins Triggered 1 | . 1 . Exploration Rate (%) 30 | 8 27 55 Regions Visited 2 Branch Regions 1 Pre-discovered Areas . | . . . Known Exits Taken . | . . . Unknown Exits Taken 2 | 1 1 . Scrap Searched 1 | . . 1 Spaces Dug . | . . . Terrain Destroyed 13 | . 13 . Melee . | . . . Projectile . | . . . AOE 13 | . 13 . Terrain Rammed . | . . . Walls Destroyed . | . . . Machines Disabled . | . . . Actions | -11 -10 -10 --------- Run | Yrd Mat Min Total 805 | 72 404 329 Wait 254 | . 254 . Move 493 | 62 128 303 Hop . | . . . Pick Up 2 | 1 1 . Fast Attach 8 | 5 . 3 Attach 2 | . 1 1 Detach . | . . . Swap 1 | . 1 . Drop . | . . . Fire 44 | 3 19 22 Melee . | . . . Ram . | . . . Kick 1 | 1 . . Crush . | . . . Escape Stasis . | . . . Rewire . | . . . Trap . | . . . Miscellaneous . | . . . Route ------- -11/Scrapyard -10/Materials -10/Mines (discovered 1 exit: Sub) History --------- Turn | Location | Event 2 | -11/Scrapyard | Met Revision 17 63 | -11/Scrapyard | Discovered new exit (range 8) 85 | -11/Scrapyard | Entered Materials 314 | -10/Materials | Build established: Mutant 514 | -10/Materials | Core integrity fell below 50% 522 | -10/Materials | Discovered new exit (range 15) 536 | -10/Materials | Crushed by falling debris 550 | -10/Materials | Entered Mines 560 | -10/Mines | Core integrity fell below 20% 585 | -10/Mines | Lost 4 parts (1p1n2w) 627 | -10/Mines | Found a damaged Exp. Sensor Array with a note attached 631 | -10/Mines | Found Prototype Device 631 | -10/Mines | Identified Exp. Sensor Array 782 | -10/Mines | Identified exit to Subcaves 856 | -10/Mines | Assembled infested the area 937 | -10/Mines | System corruption reached 10% 971 | -10/Mines | Destroyed by as-75807 with Assembled Blade Last Messages --------------- 00860_ System corrupted: Component data lost. 00875_ C-45 Heavy ARC bursts open, deploying its payload. 00875_ D-53 Grenadier unfolds itself. 00888_ System corrupted: Heat flow error (+170). 00894_ K-01 Serf collects debris. 00906_ System corrupted: Matter fused (-8). 00931_ System corrupted: Substantial component data lost. 00936_ Aluminum Leg destroyed. 00936_ System corrupted by crushing effect (+3). 00941_ as-55045 destroyed. 00947_ K-01 Serf collects debris. 00949_ as-99943 destroyed. 00950_ K-01 Serf collects debris. 00952_ Acquired 12 matter. 00953_ K-01 Serf collects debris. 00954_ Acquired 10 matter. 00956_ System corrupted: Energy discharge (-25). 00957_ Acquired 1 matter. 00969_ Lgt. Assault Rifle severed. 00970_ K-01 Serf collects debris. Map ----- +----------------------------------------------------+ | ???????????????????????????????????????## #? | | ??????????????????????????????????###### ##? | | ?????????????????????????????????## ##?? | | ?????????????????????????????????# ##??? | | ????????????????????????????????## ##???? | | ???????????????????????????????## ###????? | | ????????????????????#??????????# ##??????? | | ???????????????????## ????????## #???????? | | ??????????????????## ???????## ##??????? | | ????????????????### #??????# #??????? | | ???????????????## #?????# #??????? | | ??????????????## #????# #??????? | | ????????????### ???## ##??????? | | ????????????# =%#### #####???????? | | ???????????# ! ## ##???????????? | | ??????????? #????????????? | | ????????????# %! ##????????????? | | ?????????????# ##?????????????? | | ?????????????### ##??????????????? | | ???????????????## ##??????????????? | | ????????????????# ##?????????????? | | ????????????????# ##????????????? | | ????????????????## #????????????? | | ?????????????????# %=a #????????????? | | ????????????????# ##a ##????????????? | | ???????????????# #?##@ #?????????????? | | ???????????????# #???# ##?????#####??? | | ???????????????## #????## #????##=% ##?? | | ????????????????###??????# ###### = ##? | | ?????????????????????????# k k ## *%#? | | ???######????????????????## ### ## #? | | ???? ????????????????### ###?# ## #? | | ???? ??????????????????# ##### ### % #? | | ????" """ ??????????????????# ### ##? | | ???"" """ ########??????????####### ## #?? | | # """ """ #???????????????# ? #? | | #???????????????# ## #? | | %!!"" """ # ### #####?????????### ## #? | | ???"" """ # #?# ## ##????????# ### ##? | | ????" """?# #?# #?????#### ###### #?? | | ???? ?# ### #????## # #?## ##?? | | ????" ""??# ## ##????# ## #??# ##??? | | ????" ""??# ## ##????## ## #??# #???? | | ????" "???# ## #????## ## ?? #???? | | ??????????# ##??## ### #??###???? | | ??????????##### #### #?# #????????? | | ??????????????## #?# #????????? | | ???????????????## #?# #????????? | | ????????????????## ##?# ######???? | | ????????????????## ## ##??# !!#???? | +----------------------------------------------------+ Best States ------------- Heat Dissipation 25 Energy Generation 14 Energy Capacity 160 Matter Stores 300 Matter Capacity 300 Sight Range 16 Robot Scan Range 20 Terrain Scan Density 10 Evasion (%) 55 Item Schematics ----------------- None Robot Schematics ------------------ None Fabricated ------------ Nothing Repaired ---------- Nothing Studied --------- None Alien Tech Used ----------------- None Achievements -------------- None Challenges ------------ None Game ------ Seed SalvageTowerNukerbomber Manual? 0 Play Time 00:07:29 Cumulative 39.9 hours Start 2026.04.20 @ 21:06:17 End 2026.04.20 @ 21:11:57 Sessions 1 Manual Loads 0 Difficulty Rogue Special Mode None Game No. 26 Rogue 26 Adventurer 0 Explorer 0 Win Type - Total 0 Types 0/0/0/0/0/0/0/0/0/0 Lore% 37 Gallery% 26 Achievement% 26 Wizard Run 0 Options --------- Layout 0 ASCII 0 Keyboard 1 Movement Arrows Keybinds 0 Fullscreen 2 Font 18/SmallcapsGlow Map View 76x50 Zoom Use 0% Tactical HUD 1 Map Filters NONE Filters NONE Steam 1 RUN: c8db1f8f-f19a-4b93-8551-89a34ce64100